 Dungeon Crawl Stone Soup version 0.21-a0-529-g8c7b3f5 (webtiles) character file.

68 kibaces the Shield-Bearer (level 4, -1/28 HPs)
             Began as a Gargoyle Fighter on Dec 11, 2017.
             Slain by a goblin (2 damage)
             ... led by Robin
             ... on level 2 of the Dungeon.
             The game lasted 00:05:22 (1382 turns).

kibaces the Shield-Bearer (Gargoyle Fighter)        Turns: 1382, Time: 00:05:23

Health: -1/28      AC: 10    Str: 25    XL:     4   Next: 19%
Magic:  4/4        EV:  7    Int:  9    God:
Gold:   33         SH:  9    Dex:  9    Spells: 3/3 levels left

rFire    . . .     SeeInvis .   a - +0 long sword
rCold    . . .     Gourm    .   c - +0 shield
rNeg     + . .     Faith    .   b - +0 scale mail
rPois    ∞         Spirit   .   (no helmet)
rElec    +         Reflect  .   (no cloak)
rCorr    .         Harm     .   (no gloves)
MR       .....                  (no boots)
Stlth    ..........             (no amulet)
HPRegen  0.09/turn              (no ring)
MPRegen  0.09/turn              (no ring)

@: mighty, slowed, very slow
A: negative energy resistance 1, electricity resistance, unbreathing,
petrification resistance, rot immunity, AC +3
a: no special abilities


You were on level 2 of the Dungeon.
You were not hungry.

You visited 1 branch of the dungeon, and saw 2 of its levels.

You collected 33 gold pieces.

Inventory:

Hand Weapons
 a - a +0 long sword (weapon)
Armour
 b - a +0 scale mail (worn)
 c - a +0 shield (worn)
Scrolls
 i - 2 scrolls of identify {unknown}
 j - a scroll of remove curse {unknown}
 k - a scroll of amnesia {unknown}
 l - a scroll of fog {unknown}
Potions
 e - a potion of flight {unknown}
Comestibles
 f - a bread ration
 g - a chunk of flesh
 h - 2 meat rations


   Skills:
 + Level 3.5 Fighting
 + Level 2.8 Long Blades
 + Level 3.9 Armour
 + Level 3.9 Shields


You had 3 spell levels left.
You didn't know any spells.

Dungeon Overview and Level Annotations

Branches:
Dungeon (2/15)

Altars:

Annotations:
D:2 Natasha, Robin


Innate Abilities, Weirdness & Mutations

You are resistant to torment.
Your stone body is resilient. (AC +3)
You are immune to poison.
You resist negative energy. (rN+)
You are resistant to electric shocks. (rElec)
You can survive without breathing.
You are immune to petrification.
You are immune to rotting.


Message History

Natasha wildly gestures.
You feel disoriented. Natasha claws you but does no damage.
The goblin hits you.
You barely miss Natasha.
Natasha is moderately wounded.
The shadow imp disappears in a puff of smoke!
The hobgoblin no longer looks unusually strong.
The goblin no longer looks unusually strong.
The goblin hits you.
* * * LOW HITPOINT WARNING * * *
Natasha claws you.
* * * LOW HITPOINT WARNING * * *
You block the goblin's attack. Natasha closely misses you.
You riposte.
You barely miss Natasha.
Natasha is moderately wounded.
You slash Natasha!
Natasha is almost dead.
The iron imp disappears in a puff of smoke!
The goblin hits you.
You die...

.##...<................§## #
.###########.#...............
...........#.#.##########...#
.).................... ...
##...)...#.#.#.####### #
##.#####.#......# # .#.#
#........# ..#
.#.#######......####g...#
..(......#.....g@hgg5g..>
.#.#####.#......#########
.#.# . ......... .#.#.#
######### .#.#.####
.......... '#.#.####. .....#
.....#


You could see Natasha, a white imp, 3 hobgoblins and 2 goblins.

Vanquished Creatures
  2 gnolls (D:2)
  A worm (D:1)
  2 dart slugs (D:1)
  3 leopard geckos
  2 giant cockroaches
  6 goblins
  5 hobgoblins
  3 jackals (D:1)
  6 bats
  6 frilled lizards
  2 kobolds (D:1)
  2 rats (D:1)
40 creatures vanquished.

Notes
Turn   | Place    | Note
-------+----------+-------------------------------------------
     0 | D:1      | kibaces the Gargoyle Fighter began the quest for the Orb.
     0 | D:1      | Reached XP level 1. HP: 14/14 MP: 1/1
   160 | D:1      | Reached XP level 2. HP: 19/19 MP: 2/2
   384 | D:1      | Reached XP level 3. HP: 23/23 MP: 3/3
   791 | D:2      | Noticed Natasha
  1297 | D:2      | Reached XP level 4. HP: 24/28 MP: 4/4
  1369 | D:2      | Noticed Robin
  1381 | D:2      | HP: 1/28 [Natasha (6)]
  1382 | D:2      | Slain by a goblin

Vault maps used:
D:1:      dpeg_chamrin_arrival_tetris
D:2:      grunt_ministairs_4, uniq_robin, uniq_natasha, uniq_jessica

Skill      XL: |  1  2 |
---------------+-------+-----
Long Blades    | 2 |  2.8
Fighting       | |  3.5
Armour         | |  3.9
Shields        | |  3.9

Action                   |  1- 3 |  4- 6 || total
-------------------------+-------+-------++-------
Melee: Long sword        |   142 |    13 ||   155
  Use: Potion            |       |     1 ||     1
  Eat: Chunk             |     2 |       ||     2
Armor: Scale mail        |    88 |     3 ||    91
Dodge: Dodged            |    55 |     5 ||    60
Block: Shield            |    84 |     7 ||    91
       Rpst.: Long sword |    19 |     2 ||    21

Table legend:
 A = Spawn XP
 B = Non-spawn XP
 C = Spawn XP percentage of total XP
 D = Spawn monster count
 E = Non-spawn monster count
 F = Spawn count percentage of total count
 G = Total turns spent on level
                    A         B        C        D         E        F      G
               +---------+---------+-------+---------+---------+-------+---------
         Total |       0 |      98 |   0.0 |       0 |      40 |   0.0 |  1382
               +---------+---------+-------+---------+---------+-------+---------
           D:1 |       0 |      49 |   0.0 |       0 |      25 |   0.0 |  1004
           D:2 |       0 |      49 |   0.0 |       0 |      15 |   0.0 |   378
               +---------+---------+-------+---------+---------+-------+---------
